 Dungeon Crawl Stone Soup version 0.30-a0-23-ge60ba3568b (webtiles) character file.

Game seed: 12529122401580421069

8960 iguanaiguana the Geomancer (level 11, -2/94 HPs)
             Began as a Meteoran Venom Mage on Aug 25, 2022.
             Was an Elder of Cheibriados.
             Slain by a death yak (24 damage)
             ... on level 7 of the Dungeon.
             The game lasted 00:52:22 (4334 turns).

iguanaiguana the Geomancer (Meteoran Venom Mage)    Turns: 4334, Time: 00:52:22

Health: -2/94      AC:  9    Str: 17    XL:     11   Next: 97%
Magic:  3/21       EV: 13    Int: 29    God:    Cheibriados [****..]
Gold:   415        SH:  0    Dex: 26    Spells: 7/22 levels left

rFire   . . .      SeeInvis +    E - +4 falchion
rCold   . . .      Faith    +    (no shield)
rNeg    + . .      Spirit   .    v - +0 troll leather armour
rPois   +          Reflect  .    (no helmet)
rElec   .          Harm     .    y - +2 ratskin cloak {*Rats rPois rN+ Str-1 Int-1 Dex+1}
rCorr   .          Rampage  .    (no gloves)
Will    +....                    r - +0 pair of boots
Stlth   +.........               g - amulet of faith
HPRegen 1.05/turn                u - ring of see invisible
MPRegen 0.17/turn                (no ring)

@: glowing, very slow
A: sense surroundings 2, otherworldly, glowing, explore regen
a: Renounce Religion, Bend Time, Temporal Distortion, Slouch


You were on level 7 of the Dungeon.
You worshipped Cheibriados.
Cheibriados was greatly pleased with you.
You visited 2 branches of the dungeon, and saw 10 of its levels.
You also visited: Sewer, Ossuary and Bailey.

You collected 415 gold pieces.

Inventory:

Hand Weapons
 h - a +0 broad axe
 E - a +4 falchion (weapon)
 G - a +3 dagger
 H - the +5 lochaber axe {reach-cleave, poleaxe}
   (You took it off an orc wizard on level 9 of the Dungeon)

   It can be evoked to extend its reach, and strikes at all foes within reach,
   dealing less damage to those not targeted.
   It uses either Axes or Polearms skill, whichever is higher.
Missiles
 c - 6 javelins
 i - a curare-tipped dart
 p - 37 poisoned darts
Armour
 m - the +7 ring mail "Cobuezat" {Harm *Corrode Slay+2}
   (You found it on level 3 of the Dungeon)

   Slay:      It affects your accuracy & damage with ranged weapons and melee
   (+2).
   *Corrode:  It may corrode you when you take damage.
   Harm:      It increases damage dealt and taken.
 r - a +0 pair of boots (worn)
 v - a +0 troll leather armour (worn)
 y - the +2 ratskin cloak (worn) {*Rats rPois rN+ Str-1 Int-1 Dex+1}
   (You found it on level 6 of the Dungeon)

   When the wearer is hurt, rats may emerge from it to assist them.
   Str:       It affects your strength (-1).
   Int:       It affects your intelligence (-1).
   Dex:       It affects your dexterity (+1).
   rPois:     It protects you from poison.
   rN:        It protects you from negative energy.
Jewellery
 g - an amulet of faith (around neck)
 o - a ring of fire
 u - a ring of see invisible (left hand)
 D - an amulet of guardian spirit
Wands
 k - a wand of flame (1) (quivered)
Scrolls
 b - a scroll of amnesia {unknown}
 d - 2 scrolls of identify {@r1}
 f - a scroll of immolation
 j - 2 scrolls of butterflies
 n - a scroll of silence
 q - a scroll of noise
 A - 2 scrolls of enchant weapon
 B - a scroll of poison {unknown}
 C - 2 scrolls of brand weapon {unknown}
Potions
 a - a potion of might {@q3}
 e - a potion of resistance {unknown}
 l - 5 potions of curing {@q1}
 s - a potion of degeneration
 t - 2 potions of cancellation
 x - a potion of mutation {unknown}
 z - a potion of attraction
 F - a potion of brilliance {unknown}


   Skills:
 - Level 7.9 Fighting
 - Level 2.2(3.1) Short Blades
 - Level 3.5(4.0) Long Blades
 * Level 3.9 Axes
 - Level 2.0 Throwing
 - Level 5.3 Armour
 - Level 2.4 Dodging
 - Level 1.4 Stealth
 - Level 6.0 Spellcasting
 - Level 6.0 Conjurations
 - Level 1.2 Transmutations
 - Level 6.7 Air Magic
 - Level 10.4 Earth Magic
 - Level 10.0 Poison Magic
 + Level 3.7 Invocations
 - Level 2.9 Evocations


You had 7 spell levels left.
You knew the following spells:

 Your Spells              Type           Power      Damage    Failure   Level
a - Lee's Rapid Deconstr  Erth           31%        3d17*     2%          5
b - Poisonous Vapours     Pois/Air       100%       N/A       1%          2
c - Mephitic Cloud        Conj/Pois/Air  51%        N/A       1%          3
d - Olgreb's Toxic Radia  Pois           61%        N/A       1%          4
e - Sting                 Tmut/Pois      100%       1d8       1%          1

Your spell library contained the following spells:

 Spells                   Type           Power      Damage    Failure   Level
 Leda's Liquefaction      Hex/Erth       19%        N/A       8%          4
 Fulminant Prism          Conj/Hex       13%        3d9       19%         4
 Iskenderun's Mystic Bla  Conj/Tloc      26%        2d7       19%         4
 Statue Form              Tmut/Erth      28%        N/A       67%         6
 Dispersal                Tloc           4%         N/A       100%        6
 Disjunction              Tloc           4%         N/A       100%        8


Dungeon Overview and Level Annotations

Branches:
Dungeon (9/15) Zot: 3172   Temple (1/1) D:7 Zot: 852   Sewer (visited)
Ossuary (visited)          Bailey (visited)
   Lair: D:8-11         Orc: D:9-12

Altars:
Ashenzari
Cheibriados
Dithmenos
Elyvilon
Fedhas
Gozag
Hepliaklqana
Makhleb
Nemelex Xobeh
Qazlal
Ru
Sif Muna
Trog
Uskayaw
Wu Jian
Xom
Yredelemnul
Zin
The Shining One

Shops:
D:9 (

Annotations:
D:6 exclusion: downstairs


Innate Abilities, Weirdness & Mutations

You passively map the area around you.
You are easily found by Zot.
You glow in the dark.
You regain HP and MP as you explore.


Message History

Cheibriados appreciates the change of pace.
Your life force feels restored.
Your Axes skill increases to level 3!
Casting: Lee's Rapid Deconstruction (dangerous; 2% risk of failure)
Confirm with . or Enter, or press ? or * to list all spells.
You don't have enough magic to cast this spell.
Okay, then.
Okay, then.
As you read the scroll of butterflies, it crumbles to dust.
You hear the tinkle of a tiny bell.
The death yak snorts and paws the ground.
The death yak gores you!
* * * LOW HITPOINT WARNING * * *
You swap places.
The death yak gores your butterfly!!
Your butterfly dies!
Your butterfly disappears in a burst of colours!
The death yak gores your butterfly.
Your butterfly dies!
Your butterfly disappears in a burst of colours!
The death yak gores your butterfly!
Your butterfly dies!
Your butterfly disappears in a burst of colours!
You swap places.
The death yak attacks as you move away! The death yak gores you!
* * * LOW HITPOINT WARNING * * *
The death yak gores you!
* * * LOW HITPOINT WARNING * * *
There is a stone staircase leading up, spattered with blood here.
You climb upwards.
Your summoned allies are left behind.
There is a stone staircase leading down here.
Okay, then.
Okay, then.
Okay, then.
You feel much better. The death yak gores you!!
* * * LOW HITPOINT WARNING * * *
You feel much better. The death yak gores you!!
* * * LOW HITPOINT WARNING * * *
A river rat scurries out from under your cloak.
The death yak attacks as you move away! The death yak gores you!!
You die...

# * #...........#...####
*,** #.....).....##.## *
##..........##.# #
##.......#....# #
*###.##
######.....#####+# .* #
..#.# #.........## .
#.#.#.# #.######.## * ,
* .###...#.###.# #....#
,, #.##
##...##.###@...###,,
[..###..........rY....'.
, ,
#.....###.######...####.
, , #.#.#.# #.# #..## *
,,,, #.#...# #.# #.## ,,
#.#.### #.# #.# , ,
#.#.# #.# #.# , *
#.........# #.# * ,,,
###.####### *.# ,, ,,,


You could see a death yak (ally target) and a friendly river rat.

Vanquished Creatures
  2 vault guards (Bailey)
  A death yak (D:8)
  An unseen horror (D:6)
  A komodo dragon (D:6)
  3 kobold demonologists (D:9)
  A troll (D:9)
  Prince Ribbit (Bailey)
  4 humans (Bailey)
  A wyvern (D:9)
  4 yaks (D:9)
  3 orc warriors (D:9)
  2 phantoms
  10 kobold brigands
  17 bullfrogs
  2 necrophages (D:6)
  A scorpion (D:6)
  4 wights
  14 killer bees
  2 howler monkeys (D:6)
  A centaur zombie (Ossuary)
  A jelly (D:5)
  A gnoll bouda (D:6)
  A hound (D:6)
  A human zombie (Ossuary)
  4 orc priests
  2 iguanas
  7 orc wizards
  3 mummies (Ossuary)
  2 gnolls (D:4)
  7 adders
  3 river rats (Sewer)
  A shadow imp (D:6)
  An ufetubus (D:6)
  2 adder zombies (Ossuary)
  2 worms
  16 orcs
  9 ball pythons
  3 endoplasms
  4 goblins
  4 hobgoblins
  2 jackals (D:3)
  22 kobolds
  3 quokkas
  4 bats
  3 frilled lizards
  5 gnoll zombies
  7 goblin zombies (Ossuary)
  3 hobgoblin zombies (Ossuary)
  3 jackal zombies (Ossuary)
  3 kobold zombies (Ossuary)
  5 quokka zombies (Ossuary)
  6 rats
  4 rat zombies (Ossuary)
219 creatures vanquished.

Vanquished Creatures (collateral kills)
  An acid dragon (D:9)
1 creature vanquished.

Grand Total: 220 creatures vanquished

Notes
Turn   | Place    | Note
-------+----------+-------------------------------------------
     0 | D:1      | iguanaiguana the Meteoran Venom Mage began the quest for
                  | the Orb.
     0 | D:1      | Reached XP level 1. HP: 14/14 MP: 5/5
    91 | D:1      | Found a faded altar of an unknown god.
   107 | D:1      | Reached skill level 1 in Air Magic
   129 | D:1      | Reached XP level 2. HP: 18/20 MP: 3/6
   326 | D:2      | Learned a level 2 spell: Poisonous Vapours
   339 | D:2      | Reached XP level 3. HP: 23/26 MP: 0/8
   407 | D:3      | Found a stormy altar of Qazlal.
   407 | D:3      | Found a sparkling altar of Nemelex Xobeh.
   516 | D:3      | Reached XP level 4. HP: 33/33 MP: 3/9
   595 | D:3      | Found a glowing drain.
   595 | D:3      | Identified the +7 ring mail "Cobuezat" {Harm *Corrode
                  | Slay+2}
   614 | D:3      | Reached XP level 5. HP: 38/38 MP: 8/10
   617 | Sewer    | Entered a sewer
   659 | Sewer    | Noticed a kobold brigand
   664 | Sewer    | Reached skill level 5 in Armour
   664 | Sewer    | Reached skill level 5 in Conjurations
   664 | Sewer    | Reached XP level 6. HP: 37/55 MP: 1/16
   671 | Sewer    | Reached skill level 1 in Throwing
   677 | Sewer    | Learned a level 3 spell: Mephitic Cloud
   682 | Sewer    | Learned a level 4 spell: Olgreb's Toxic Radiance
   769 | Sewer    | Reached XP level 7. HP: 60/60 MP: 11/17
  1199 | D:5      | Entered Level 5 of the Dungeon
  1344 | D:5      | Reached XP level 8. HP: 67/67 MP: 14/18
  1382 | D:4      | Reached skill level 10 in Poison Magic
  1604 | D:5      | Reached skill level 5 in Fighting
  1744 | D:6      | Reached skill level 1 in Earth Magic
  2067 | D:6      | Noticed an unseen horror
  2084 | D:6      | Killed an unseen horror
  2085 | D:6      | Gained mutation: You passively map the area around you.
                  | [Meteoran growth]
  2085 | D:6      | Reached XP level 9. HP: 36/75 MP: 10/19
  2141 | D:6      | Noticed a komodo dragon
  2160 | D:6      | Killed a komodo dragon
  2199 | D:6      | Reached skill level 1 in Evocations
  2205 | D:6      | Found an ornate altar of the Wu Jian Council.
  2212 | D:6      | Found a glowing silver altar of Zin.
  2212 | D:6      | Found a shimmering altar of Xom.
  2235 | D:6      | Found the +2 ratskin cloak {*Rats rPois rN+ Str-1 Int-1
                  | Dex+1}
  2412 | D:7      | Found a staircase to the Ecumenical Temple.
  2419 | D:7      | Reached skill level 1 in Short Blades
  2426 | Temple   | Entered the Ecumenical Temple
  2443 | Temple   | Became a worshipper of Cheibriados the Contemplative
  2540 | D:7      | Found a sand-covered staircase.
  2553 | Ossuary  | Entered an ossuary
  2863 | Ossuary  | Reached * piety under Cheibriados
  3076 | D:7      | Reached XP level 10. HP: 59/81 MP: 14/20
  3259 | D:9      | Reached skill level 1 in Long Blades
  3349 | D:9      | Reached ** piety under Cheibriados
  3444 | D:9      | Noticed a kobold demonologist
  3445 | D:9      | Noticed a kobold demonologist
  3445 | D:9      | Noticed a kobold demonologist
  3447 | D:9      | Noticed a smoke demon
  3450 | D:9      | Killed a kobold demonologist
  3451 | D:9      | Noticed a smoke demon
  3451 | D:9      | Killed a kobold demonologist
  3452 | D:9      | Reached skill level 5 in Earth Magic
  3455 | D:9      | Killed a kobold demonologist
  3464 | D:9      | Found Odwifaos's Antique Weapon Emporium.
  3508 | D:9      | Found a shadowy altar of Dithmenos.
  3624 | D:9      | Found a flagged portal.
  3638 | Bailey   | Entered a bailey
  3677 | Bailey   | Reached *** piety under Cheibriados
  3678 | Bailey   | Reached XP level 11. HP: 81/94 MP: 6/21
  3698 | Bailey   | Noticed Prince Ribbit
  3698 | Bailey   | Noticed a vault guard
  3710 | Bailey   | Killed Prince Ribbit
  3725 | Bailey   | Noticed a vault guard
  3727 | Bailey   | Killed a vault guard
  3736 | Bailey   | Killed a vault guard
  3834 | Bailey   | Reached skill level 10 in Earth Magic
  3845 | Bailey   | Learned a level 5 spell: Lee's Rapid Deconstruction
  3906 | D:9      | Reached skill level 1 in Invocations
  4044 | D:9      | Reached skill level 1 in Axes
  4099 | D:9      | Reached **** piety under Cheibriados
  4306 | D:8      | Noticed a death yak
  4306 | D:8      | Noticed a death yak
  4314 | D:8      | Noticed a death yak
  4314 | D:8      | Noticed a death yak
  4323 | D:8      | Killed a death yak
  4334 | D:7      | Slain by a death yak

Illustrated notes

Levels and vault maps discovered:
D:1:      scummos_arrival_simple_crosswalls, layout_basic,
          basic_ecumenical_altar, serial_park_tiny_2, grunt_decor_arrowhead
D:2:      layout_basic, uniq_crazy_yiuf_cottage, uniq_jessica
D:3:      layout_loops_ring, gammafunk_temple_overflow_wave,
          hellmonk_ghost_happy_afterlife, cheibrodos_sewer_entry_sluice
D:4:      layout_loops_ring, minmay_bent
D:5:      layout_basic, kennysheep_little_box, nicolae_shop_self_help
D:6:      minmay_opposing_rooms, layout_basic,
          gammafunk_temple_overflow_forgotten, abandoned_shop, minmay_hedge_maze
D:7:      layout_loops_corners, nicolae_vehumet_radiance,
          minmay_temple_entry_glass, enter_ossuary_3, minmay_crystal_room,
          mrwooster_statue_mirror
D:8:      layout_loops_cross, dpeg_lair_monsters
D:9:      layout_roguey, nicolae_dithmenos_through_a_glass_darkly,
          enter_bailey_2, serial_shops, nicolae_shop_stone,
          kennysheep_kite_vault
Temple:   nicolae_temple_bog_church

Skill      XL: |  1  2  3  4  5  6  7  8  9 10 11 |
---------------+----------------------------------+-----
Air Magic      | 1 2 3 6 |  6.7
Poison Magic   | 4 9 10 | 10.0
Fighting       | 4 6 7 |  7.9
Armour         | 5 |  5.3
Spellcasting   | 6 |  6.0
Conjurations   | 5 6 |  6.0
Throwing       | 2 |  2.0
Earth Magic    | 3 4 7 10 | 10.4
Evocations     | 2 |  2.9
Short Blades   | 1 2 |  2.2
Long Blades    | 3 |  3.5
Invocations    | 3 |  3.7
Axes           | 3 |  3.9
Dodging        | |  2.4
Stealth        | |  1.4
Transmutations | |  1.2

Action                   |  1- 3 |  4- 6 |  7- 9 | 10-12 || total
-------------------------+-------+-------+-------+-------++-------
Melee: Dagger            |     2 |    30 |   209 |     5 ||   246
       Punch             |       |       |     6 |     1 ||     7
       Rapier            |       |       |     5 |       ||     5
       Falchion          |       |       |       |    48 ||    48
       Broad axe         |       |       |       |     9 ||     9
Throw: Dart              |       |       |       |     3 ||     3
 Cast: Sting             |    40 |    23 |    14 |       ||    77
       Poisonous Vapours |     5 |    13 |    27 |     9 ||    54
       Olgreb's Toxic Ra |       |     1 |    27 |    38 ||    66
       Mephitic Cloud    |       |       |     2 |     4 ||     6
       Lee's Rapid Decon |       |       |       |     8 ||     8
Invok: Bend Time         |       |       |       |     1 ||     1
Evoke: Wand              |       |       |    19 |     6 ||    25
  Use: Potion            |       |     1 |     3 |     7 ||    11
       Scroll            |       |       |    14 |    10 ||    24
 Stab: Confused          |       |       |       |     2 ||     2
Armor: Robe              |     4 |     1 |       |       ||     5
       Leather armour    |     1 |       |       |       ||     1
       Ring mail         |       |    14 |   115 |    55 ||   184
Dodge: Dodged            |    18 |    12 |    98 |    38 ||   166

Table legend: (Time is in decaauts)
 A = Elapsed time spent in this place.
 B = Non-inter-level travel time spent in this place.
 C = Inter-level travel time spent in this place.
 D = Time resting spent in this place.
 E = Time spent auto-exploring this place.
 F = Levels seen in this place.
 G = Mean time per level.
                   A        B        C        D        E       F      G
               +--------+--------+--------+--------+--------+-----+--------+
         Total |   5115 |   2195 |   2920 |      0 |     10 |  13 |  393.5 |
       Dungeon |   3905 |   1010 |   2895 |      0 |     10 |   9 |  433.9 |
        Temple |     39 |     14 |     25 |      0 |      0 |   1 |   39.0 |
         Sewer |    461 |    461 |      0 |      0 |      0 |   1 |  461.0 |
       Ossuary |    371 |    371 |      0 |      0 |      0 |   1 |  371.0 |
        Bailey |    337 |    337 |      0 |      0 |      0 |   1 |  337.0 |
               +--------+--------+--------+--------+--------+-----+--------+

Top non-repeatable levels by time:
     D:9: 1252 daAuts
     D:7: 588 daAuts
     D:6: 583 daAuts
   Sewer: 461 daAuts
     D:5: 426 daAuts
 Ossuary: 371 daAuts
     D:3: 343 daAuts
  Bailey: 337 daAuts
     D:1: 276 daAuts
     D:8: 190 daAuts
     D:2: 142 daAuts
     D:4: 100 daAuts
  Temple: 39 daAuts
